 Dungeon Crawl Stone Soup version 0.18.1-48-g4cf74bf (webtiles) character file.

8099 Charly the Basher (level 11, -5/104 HPs)
             Began as a Minotaur Chaos Knight on Aug 31, 2016.
             Slain by an ice devil (15 damage)
             ... in an ice cave.
             The game lasted 00:57:44 (3781 turns).

Charly the Basher (Minotaur Chaos Knight)           Turns: 3781, Time: 00:57:45

Health: -5/104     AC: 11    Str: 17    XL:     11   Next: 5%
Magic:  10/10      EV: 19    Int: 11    God:    Xom [...*..]
Gold:   145        SH:  0    Dex: 13    Spells: 0 memorised, 10 levels left

rFire  + . .     SeeInvis +     a - +7 mace "Xuesut" {vamp, rF+ Int+2}
rCold  . . .     Gourm    .     A - +0 leather armour of Romin {rN+ Slay+2 SInv}
rNeg   + . .     Faith    .     (no shield)
rPois  .         Spirit   .     (helmet restricted)
rElec  .         Dismiss  .     (no cloak)
rCorr  .         Reflect  .     (no gloves)
SustAt .         Harm     .     F - +1 pair of boots {Fly}
MR     .....                    (no amulet)
Stlth  +.........               y - +6 ring of protection
                                G - +3 ring of evasion

@: flying, not resistant to hostile enchantments, very unstealthy
A: retaliatory headbutt, horns 2
a: Renounce Religion, Stop Flying


You were in an ice cave.
You worshipped Xom.
You were a favourite toy of Xom.
You were hungry.

You visited 1 branch of the dungeon, and saw 12 of its levels.
You also visited: Ice Cave.

You collected 452 gold pieces.
You spent 307 gold pieces at shops.

Inventory:

Hand Weapons
 a - the +7 mace "Xuesut" (weapon) {vamp, rF+ Int+2}
   (You found it on level 5 of the Dungeon)

   It inflicts no extra harm, but heals its wielder somewhat when it strikes a
   living foe.
   It affects your intelligence (+2).
   It protects you from fire.
 b - the cursed +0 rapier of Entrepreneurial Spirit {venom, rPois rC- Stlth+, unknown}
   (You found it on level 6 of the Dungeon)

   It poisons the flesh of those it strikes.
   It makes you vulnerable to cold.
   It protects you from poison.
   It makes you more stealthy.
   It has a curse placed upon it.
 l - a +1 battleaxe of flaming
Armour
 A - the +0 leather armour of Romin (worn) {rN+ Slay+2 SInv}
   (You found it on level 6 of the Dungeon)

   It affects your accuracy and damage with ranged weapons and melee attacks
   (+2).
   It protects you from negative energy.
   It lets you see invisible.
 F - a +1 pair of boots of flying (worn)
Jewellery
 n - an uncursed ring of positive energy
 p - an uncursed ring of poison resistance
 y - a +6 ring of protection (right hand)
 G - a +3 ring of evasion (left hand)
Wands
 e - a wand of acid (6/15)
 t - a wand of teleportation (7/9)
Scrolls
 d - a scroll of fog
 g - 2 scrolls of remove curse
 r - a scroll of enchant armour
 s - a scroll of immolation
 u - 2 scrolls of enchant weapon
Potions
 j - a potion of curing
 k - 2 potions of might
 o - a potion of resistance
 q - 2 potions of brilliance
 w - a potion of lignification
 x - a potion of berserk rage {unknown}
 z - 2 potions of magic {unknown}
Comestibles
 c - 4 bread rations
 m - 2 meat rations


   Skills:
 + Level 11.7 Fighting
 - Level 6.5(10.6) Axes
 - Level 12.9(13.4) Maces & Flails
 - Level 2.4 Armour
 + Level 8.4 Dodging


You had 10 spell levels left.
You didn't know any spells.

Dungeon Overview and Level Annotations

Branches:
Dungeon (12/15)            Temple (0/1) D:7
   Lair: D:8-11         Orc: D:9-12

Altars:
Nemelex Xobeh
Pakellas
Ru
Sif Muna
Vehumet
Xom

Shops:
D:4 !   D:8 [(

Annotations:
D:5 Menkaure
D:8 exclusion: downstairs
D:9 Psyche IceCv exclusion: 2 ice statues


Innate Abilities, Weirdness & Mutations

You reflexively headbutt those who attack you in melee.
You have a pair of horns on your head.


Message History

You barely miss the ice devil.
The ice devil is severely wounded.
The ice devil misses you.
Unknown command.
You hit the ice devil.
The ice devil is severely wounded. "Serve the toy, my child!"
You barely miss the ice devil.
The ice devil is severely wounded.
The ice devil closely misses you.
You hit the ice devil but do no damage. You headbutt the ice devil.
The ice devil is severely wounded.
The ice devil barely misses you.
You hit the ice devil.
The ice devil is almost dead.
Your iron imp hits the ice devil but does no damage.
The ice devil hits you.
* * * LOW HITPOINT WARNING * * *
The ice devil freezes you!
You die...

###### ###.4..###
###........##
##....###....##
###4..###@###/..#
##..####..4.##...# ####
#..§##....5##..###### ##..§
#§§###)...........#.###....
##§§.##_..##.........#....§
##.§.#### ######.........§
##...### ####.......
###...# ###..... ##.......#
###8#.


You could see an ice devil and a friendly iron imp.

Vanquished Creatures
  A centaur warrior (D:10)
  An unseen horror (D:11)
  A centaur zombie (D:10)
  3 ice devils (IceCv)
  3 trolls
  A shadow (D:11)
  6 yaks (D:10)
  A hippogriff (D:8)
  4 orc warriors
  A phantom (D:10)
  3 sky beasts
  A boggart (D:8)
  9 ice beasts
  3 wolves
  A centaur (D:9)
  A big kobold (D:12)
  3 giant frogs
  A scorpion (D:11)
  5 killer bees
  5 wights
  A howler monkey (D:7)
  3 crimson imps
  A gnoll shaman (D:5)
  2 giant frog zombies
  8 hounds
  5 orc wizards
  6 orc priests
  2 jellies
  A giant frog skeleton (D:10)
  An iguana (D:10)
  4 worker ants
  2 hound skeletons
  2 hound zombies
  A worker ant zombie (D:5)
  8 gnolls
  9 adders
  A shadow imp (D:6)
  4 white imps (IceCv)
  6 ufetubi (IceCv)
  An adder skeleton (D:6)
  A dart slug (D:4)
  5 giant geckos
  24 orcs
  2 bats (D:2)
  3 giant cockroaches
  2 goblins
  2 hobgoblins
  13 jackals
  A quokka (D:4)
  A giant newt (D:2)
  12 kobolds
  6 rats
194 creatures vanquished.

Vanquished Creatures (collateral kills)
  2 hounds
  An orc (D:5)
3 creatures vanquished.

Vanquished Creatures (others)
  A white imp (IceCv)
  6 ufetubi (IceCv)
7 creatures vanquished.

Grand Total: 204 creatures vanquished

Notes
Turn   | Place    | Note
--------------------------------------------------------------
     0 | D:1      | Charly the Minotaur Chaos Knight began the quest for the Orb.
     0 | D:1      | Reached XP level 1. HP: 19/19 MP: 0/0
   125 | D:1      | Reached XP level 2. HP: 25/26 MP: 1/1
   153 | D:1      | XOM: harmless Air miscast
   190 | D:2      | Found an oddly glowing altar of Pakellas.
   200 | D:2      | Found a sacrificial altar of Ru.
   201 | D:2      | Found a sparkling altar of Nemelex Xobeh.
   203 | D:2      | Found a radiant altar of Vehumet.
   205 | D:2      | Found a deep blue altar of Sif Muna.
   239 | D:2      | Reached skill level 5 in Axes
   240 | D:2      | Reached XP level 3. HP: 16/31 MP: 2/2
   296 | D:2      | XOM: confuse monster(s)
   339 | D:3      | XOM: confuse monster(s)
   406 | D:2      | XOM: medium Air miscast
   440 | D:2      | XOM: colour smoke trail
   489 | D:3      | XOM: fog
   491 | D:3      | Reached XP level 4. HP: 10/39 MP: 3/3
   601 | D:4      | XOM: 8-stop teleportation journey
   602 | D:4      | XOM: scenery: create altars
   604 | D:5      | Entered Level 5 of the Dungeon
   710 | D:5      | Got a transparent mace
   714 | D:5      | Identified the +7 mace "Xuesut" {vamp, rF+ Int+2} (You found it on level 5 of the Dungeon)
   717 | D:5      | XOM: 3-stop teleportation journey
   734 | D:5      | XOM: summons friendly ufetubus
   737 | D:5      | XOM: summons 4 friendly demons
   741 | D:5      | Reached skill level 2 in Maces & Flails
   741 | D:5      | Reached XP level 5. HP: 40/45 MP: 4/4
   811 | D:4      | Reached skill level 3 in Maces & Flails
   820 | D:4      | XOM: enchant monster (good)
   901 | D:5      | Noticed Menkaure
  1002 | D:6      | Reached skill level 4 in Maces & Flails
  1002 | D:6      | Reached XP level 6. HP: 51/51 MP: 5/5
  1028 | D:7      | Reached skill level 5 in Maces & Flails
  1053 | D:6      | Noticed a sky beast
  1055 | D:6      | XOM: scenery: create altars
  1064 | D:6      | Killed a sky beast
  1064 | D:6      | Reached skill level 6 in Maces & Flails
  1078 | D:6      | XOM: god gift: 18 gold pieces
  1097 | D:5      | XOM: summons 2 friendly demons
  1172 | D:3      | Reached XP level 7. HP: 37/57 MP: 6/6
  1192 | D:3      | XOM: scenery: create altars
  1371 | D:4      | Reached skill level 7 in Maces & Flails
  1427 | D:4      | Found Godwex's Distillery.
  1435 | D:4      | Bought a potion of lignification for 36 gold pieces
  1435 | D:4      | Bought a potion of might for 48 gold pieces
  1435 | D:4      | Bought a potion of might for 48 gold pieces
  1435 | D:4      | Bought a potion of heal wounds for 60 gold pieces
  1516 | D:5      | XOM: swap monsters
  1581 | D:6      | Got a warped leather armour
  1592 | D:6      | Identified the cursed +0 leather armour of Romin {rN+ Slay+2 SInv} (You found it on level 6 of the Dungeon)
  1600 | D:6      | Got a slimy rapier
  1666 | D:7      | XOM: enchant monster (good)
  1686 | D:8      | XOM: noise
  1703 | D:8      | Found Wathaig's Armour Emporium.
  1725 | D:8      | XOM: cast spell 'Summon Small Mammal'
  1728 | D:8      | Reached skill level 8 in Maces & Flails
  1731 | D:8      | XOM: polymorph orc warrior -> boggart
  1732 | D:8      | Reached skill level 5 in Fighting
  1766 | D:7      | Reached XP level 8. HP: 70/70 MP: 7/7
  1771 | D:9      | Noticed Psyche
  1871 | D:8      | Bought a +0 pair of boots of flying for 115 gold pieces
  1997 | D:8      | XOM: scenery: create altars
  1998 | D:8      | XOM: scenery: create altars
  2037 | D:8      | Found Muxial's Antique Weapon Shoppe.
  2047 | D:8      | Reached skill level 9 in Maces & Flails
  2068 | D:7      | Found a staircase to the Ecumenical Temple.
  2252 | D:9      | Reached skill level 10 in Maces & Flails
  2324 | D:10     | XOM: stealth player
  2324 | D:10     | Entered Level 10 of the Dungeon
  2395 | D:10     | XOM: harmless Fire miscast
  2404 | D:10     | Reached XP level 9. HP: 76/82 MP: 8/8
  2428 | D:10     | Noticed a troll
  2438 | D:10     | Killed a troll
  2439 | D:10     | Noticed a hill giant
  2447 | D:10     | XOM: summons 2 friendly demons
  2471 | D:11     | Noticed an unseen horror
  2488 | D:11     | Killed an unseen horror
  2488 | D:11     | Reached skill level 11 in Maces & Flails
  2517 | D:10     | Noticed a centaur warrior
  2523 | D:10     | Reached skill level 5 in Dodging
  2525 | D:10     | Killed a centaur warrior
  2525 | D:10     | Reached XP level 10. HP: 74/93 MP: 9/9
  2536 | D:10     | XOM: smoke on damage
  2538 | D:10     | Reached skill level 10 in Fighting
  2568 | D:10     | Reached skill level 12 in Maces & Flails
  2587 | D:10     | XOM: enchant monster (bad)
  2602 | D:10     | XOM: 1-stop teleportation journey
  2605 | D:10     | XOM: 3-stop teleportation journey
  2676 | D:10     | XOM: medium Conj miscast
  2943 | D:11     | XOM: harmless Conj miscast
  3038 | D:12     | XOM: colour smoke trail
  3067 | D:12     | XOM: swap monsters
  3089 | D:12     | Found a frozen archway.
  3113 | IceCv    | Entered an ice cave
  3139 | IceCv    | Noticed an ice statue
  3139 | IceCv    | Noticed an ice statue
  3157 | IceCv    | XOM: scenery: create altars
  3171 | IceCv    | Reached XP level 11. HP: 44/102 MP: 10/10
  3212 | IceCv    | XOM: cast spell 'Call Canine Familiar'
  3213 | IceCv    | XOM: confusion
  3217 | IceCv    | XOM: enchant monster (bad)
  3261 | IceCv    | XOM: enchant monster (good)
  3282 | IceCv    | XOM: god gift: 26 bolts
  3296 | IceCv    | HP: 1/103 [ice devil (23)]
  3438 | IceCv    | XOM: god gift: glowing fluorescent wand {god gift}
  3777 | IceCv    | XOM: summons friendly iron imp
  3781 | IceCv    | Slain by an ice devil

Skill      XL: |  1  2  3  4  5  6  7  8  9 10 |
---------------+-------------------------------+-----
Axes           | 4 5 6 |  6.5
Maces & Flails | 2 4 6 8 10 11 12 | 12.9
Fighting       | 5 8 9 11 | 11.7
Dodging        | 2 5 8 |  8.4
Armour         | |  2.4

Action                   |  1- 3 |  4- 6 |  7- 9 | 10-12 || total
-------------------------+-------+-------+-------+-------++-------
Melee: Hand axe          |    68 |    20 |       |       ||    88
       Headbutt          |    11 |    15 |    25 |    37 ||    88
       Mace              |       |    61 |   163 |   194 ||   418
       Battleaxe         |       |       |       |    25 ||    25
Throw: Throwing net      |       |       |       |     2 ||     2
Evoke: Wand              |       |       |     3 |     6 ||     9
  Use: Scroll            |     1 |     1 |     2 |    21 ||    25
       Potion            |     1 |       |     1 |     5 ||     7
 Stab: Petrifying        |       |     2 |     1 |       ||     3
       Held in net/web   |       |       |       |     1 ||     1
       Paralysed         |       |       |       |     3 ||     3
  Eat: Bread ration      |       |     1 |       |       ||     1
       Royal jelly       |       |     1 |       |       ||     1
       Fruit             |       |       |     3 |       ||     3
       Beef jerky        |       |       |     1 |       ||     1
       Chunk             |       |       |       |     3 ||     3
       Meat ration       |       |       |       |     1 ||     1
Armor: Leather armour    |    21 |    30 |    33 |    46 ||   130
       Skin              |     5 |       |       |       ||     5
Dodge: Dodged            |    37 |    43 |   119 |   155 ||   354
